 Dungeon Crawl Stone Soup version 0.31-a0-859-g9dce7d3444 (webtiles) character file.

Game seed: 11915206867822836514

2669 Dirtsage the Grappler (level 9, -4/53 HPs)
             Began as an Octopode Shapeshifter on Oct 9, 2023.
             Slain by a two-headed ogre
             ... wielding a +0 great mace
              (8 damage)
             ... on level 6 of the Dungeon.
             The game lasted 00:10:50 (5948 turns).

Dirtsage the Grappler (Octopode Shapeshifter)       Turns: 5948, Time: 00:10:51

Health: -4/53      AC:  1    Str: 17    XL:     9   Next: 63%
Magic:  9/9        EV: 13    Int: 19    God:
Gold:   235        SH:  0    Dex: 11    Spells: 8/8 levels left

rFire   . .          .
                       - Unarmed
rCold   . . .        (no shield)
rNeg    . . .        (helmet currently unavailable)
rPois   .            (no amulet)
rElec   .            n - +6 ring of intelligence
rCorr   .            p - ring of flight
SInv    .            (no ring)
Will    .....        (no ring)
Stlth   ++           (no ring)
HPRegen 0.28/turn    (no ring)
MPRegen 0.11/turn    (no ring)
                     (no ring)

%: no passive effects
@: beast-form, flying
A: beast (slay +4), almost no armour, amphibious, 8 rings, camouflage 1,
gelatinous body 1, (nimble swimmer 1), tentacles
a: Begin Untransformation


You were on level 6 of the Dungeon.
You were a hulking beast.
You visited 1 branch of the dungeon, and saw 6 of its levels.
You also visited: Sewer.

You collected 235 gold pieces.

Inventory:

Magical Staves
 a - a staff of death
Jewellery
 n - a +6 ring of intelligence (left tentacle)
 p - a ring of flight (right tentacle)
 v - an amulet of magic regeneration
Talismans
 b - a beast talisman (active)
 c - a flux talisman
Wands
 w - a wand of roots (1)
 x - a wand of charming (2)
 y - a wand of mindburst (4)
Scrolls
 i - a scroll of identify
 j - a scroll of amnesia
 B - 2 scrolls of blinking
Potions
 d - a potion of enlightenment {unknown}
 e - a potion of attraction {unknown}
 f - 2 potions of berserk rage {unknown}
 g - a potion of degeneration {unknown}
 h - 2 potions of haste
 k - 2 potions of ambrosia
 l - 2 potions of heal wounds
 m - 4 potions of brilliance
 o - a potion of mutation {unknown}
 q - 2 potions of curing
 r - a potion of magic {unknown}
 s - a potion of experience {unknown}
 t - a potion of might {unknown}


   Skills:
 - Level 1.0 Fighting
 - Level 2.0 Dodging
 * Level 10.9 Unarmed Combat
 + Level 7.5 Shapeshifting


You had 8 spell levels left.
You didn't know any spells.
Your spell library contained the following spells:

 Spells                   Type           Power      Damage    Failure   Level
 Blink                    Tloc           0%         N/A       30%         2
 Lesser Beckoning         Tloc           0%         N/A       30%         2
 Momentum Strike          Conj/Tloc      0%         3d8       30%         2
 Gell's Gravitas          Tloc           0%         N/A       52%         3
 Teleport Other           Tloc           0%         N/A       52%         3
 Malign Gateway           Summ/Tloc      0%         N/A       100%        7
 Summon Horrible Things   Summ           0%         N/A       100%        8


Dungeon Overview and Level Annotations

Branches:
Dungeon (6/15)              Sewer (visited)
 Temple: D:4-7

Altars:
Hepliaklqana
Nemelex Xobeh
Uskayaw
Vehumet
Yredelemnul

Shops:
D:3 *   D:5 =

Annotations:
D:6 Pikel


Innate Abilities, Weirdness & Mutations

You are a hulking beast.
Your limbs bulge with bestial killing power. (Slay +4)
You cannot wear most types of armour.
You are amphibious.
You can wear up to eight rings at the same time.
Your skin changes colour to match your surroundings (Stealth+).
Your rubbery body absorbs attacks. (AC +1, EV +1)
((You are camouflaged when in or above water. (Stealth+)))
You have tentacles for arms and can constrict up to eight enemies at once.


Message History

The grasping roots constrict the iguana!
The roots release their grip on the iguana.
That's the wrong kind of item! (Use * to select it.) Fire/throw/use which item? ([*] to toss any item) (? for menu, Esc to quit)
Okay, then.
Unknown command.
Throw: throwing net
Press: ? - help, Shift-Dir - straight line, f/p - two-headed ogre
Aim: a two-headed ogre, wielding a +0 great mace and a +0 dire flail (lightly wounded, 73% to hit)
You throw a throwing net.
The throwing net barely misses the two-headed ogre.
The throwing net hits the iguana.
The iguana is caught in the net!
The iguana is almost dead.
The iguana struggles against the net.
The two-headed ogre hits you with a +0 great mace!!
The two-headed ogre closely misses you.
You take 18 damage, and have 35/53 hp.
MASSIVE DAMAGE!!
You bludgeon the two-headed ogre!
The two-headed ogre is moderately wounded.
The iguana struggles against the net.
You barely miss the two-headed ogre. You squeeze the two-headed ogre!
The two-headed ogre is moderately wounded.
The two-headed ogre hits you with a +0 great mace!!
Ouch! That really hurt!
* * * LOW HITPOINT WARNING * * *
The two-headed ogre closely misses you.
The iguana struggles against the net.
You take 32 damage, and have 3/53 hp.
MASSIVE DAMAGE!!
Okay, then.
You bludgeon the two-headed ogre!
The two-headed ogre is heavily wounded.
You barely miss the two-headed ogre.
The two-headed ogre is heavily wounded.
The two-headed ogre completely misses you.
The two-headed ogre barely misses you.
The iguana struggles against the net.
You bludgeon the two-headed ogre!
Your squeeze misses the two-headed ogre.
The two-headed ogre is severely wounded.
The iguana struggles against the net.
The two-headed ogre hits you with a +0 great mace!
You die...

##...## ........##
#.....# ........#
#.....# ........#
#.....# ........#
##...## ........# ###
###'#########...## ##...
#.....##...##.....
#)....#.....#.....###...
#:..l[Oh.8..'..)..# #...
#(....#....(#.....# #...
##... #.....##...## #...
### #.....###### #...
#.....#########...
##................
##############... #...
#...


You could see a two-headed ogre and an iguana (caught).

Vanquished Creatures
  A gargoyle (D:6)
  A hornet (D:4)
  Prince Ribbit (D:5)
  Sigmund (D:6)
  Edmund (D:5)
  An ice beast (D:6)
  2 black bears (D:6)
  3 ogres
  Blork the orc (D:6)
  A kobold brigand (Sewer)
  A gnoll sergeant (D:5)
  6 scorpions
  A howler monkey (D:6)
  2 jellies (D:5)
  A hound (D:4)
  3 iguanas
  Jessica (D:2)
  Ijyb (D:5)
  3 orc wizards
  3 gnolls (D:4)
  6 river rats
  11 adders
  A shadow imp (D:6)
  A worm (D:3)
  2 dart slugs (D:3)
  5 orcs
  12 bats
  5 endoplasms
  6 giant cockroaches
  11 goblins
  5 hobgoblins
  4 jackals (D:2)
  2 quokkas
  20 ball pythons
  5 frilled lizards
  24 kobolds
  38 rats
193 creatures vanquished.

Vanquished Creatures (others)
  An iguana (D:5)
1 creature vanquished.

Grand Total: 194 creatures vanquished

Notes
Turn   | Place    | Note
-------+----------+-------------------------------------------
     0 | D:1      | Dirtsage the Octopode Shapeshifter began the quest for the
                  | Orb.
     0 | D:1      | Reached XP level 1. HP: 13/13 MP: 1/1
   150 | D:1      | Reached XP level 2. HP: 15/18 MP: 2/2
   403 | D:1      | Reached XP level 3. HP: 17/23 MP: 3/3
   702 | D:2      | Reached skill level 4 in Unarmed Combat
   994 | D:2      | Reached XP level 4. HP: 28/28 MP: 4/4
  1145 | D:2      | Noticed Jessica
  1153 | D:2      | Killed Jessica
  1288 | D:3      | Found Uwnadegeu's General Store.
  1363 | D:3      | Reached XP level 5. HP: 28/33 MP: 5/5
  1377 | D:3      | Found a glowing drain.
  1385 | Sewer    | Entered a sewer
  1463 | Sewer    | Noticed a kobold brigand
  1472 | Sewer    | Reached skill level 5 in Unarmed Combat
  1475 | Sewer    | Killed a kobold brigand
  1614 | Sewer    | Reached XP level 6. HP: 13/38 MP: 6/6
  2109 | Sewer    | Reached skill level 6 in Unarmed Combat
  2482 | D:3      | Found a faded altar of an unknown god.
  2814 | D:4      | Noticed a hornet
  2827 | D:4      | Killed a hornet
  2828 | D:4      | Reached XP level 7. HP: 35/43 MP: 7/7
  2946 | D:4      | Reached skill level 7 in Unarmed Combat
  2946 | D:4      | Reached skill level 5 in Shapeshifting
  3254 | D:4      | Found a hazy altar of Hepliaklqana.
  3265 | D:4      | Found a hide-covered altar of Uskayaw.
  3353 | D:4      | Found a basalt altar of Yredelemnul.
  3441 | D:4      | Reached XP level 8. HP: 45/48 MP: 8/8
  3456 | D:4      | Reached skill level 8 in Unarmed Combat
  3463 | D:4      | Found the +11 Singing Sword {sonic wave}
  4071 | D:5      | Entered Level 5 of the Dungeon
  4103 | D:5      | Noticed Ijyb
  4104 | D:5      | Noticed Prince Ribbit
  4111 | D:5      | Killed Ijyb
  4117 | D:5      | Killed Prince Ribbit
  4123 | D:5      | Reached skill level 9 in Unarmed Combat
  4312 | D:5      | Found Oteerch's One-of-a-Kind Rings.
  4418 | D:5      | Noticed Edmund
  4443 | D:5      | Killed Edmund
  4550 | D:5      | Reached XP level 9. HP: 53/53 MP: 9/9
  4624 | D:5      | Found a sparkling altar of Nemelex Xobeh.
  4994 | D:5      | Found a radiant altar of Vehumet.
  5044 | D:6      | Noticed Pikel
  5116 | D:6      | Noticed Sigmund
  5122 | D:6      | Killed Sigmund
  5123 | D:6      | Reached skill level 10 in Unarmed Combat
  5552 | D:6      | Noticed Blork the orc
  5560 | D:6      | Killed Blork the orc
  5770 | D:6      | Noticed a gargoyle
  5780 | D:6      | Killed a gargoyle
  5940 | D:6      | Noticed a two-headed ogre
  5948 | D:6      | Slain by a two-headed ogre

Illustrated notes

Levels and vault maps discovered:
D:1:      scummos_arrival_gate, layout_rooms
D:2:      layout_loops_cross, minmay_surrounded, uniq_jessica
D:3:      layout_rooms, basic_ecumenical_altar, portal_sewer_entry_e,
          serial_shops, shop, kennysheep_cross_bottleneck
D:4:      old_forge, layout_basic, mainiacjoe_overflow_brackets,
          nicolae_uskayaw_dance_hall, mainiacjoe_overflow_24_doors
D:5:      layout_loops_ring, fiery_altar_vehumet, old_standard_altar,
          nicolae_shop_unique_rings, st_stairs_14, uniq_edmund,
          uniq_prince_ribbit1, uniq_ijyb
D:6:      layout_basic, minmay_three_doors, uniq_blork_the_orc, uniq_sigmund,
          uniq_pikel

Skill      XL: |  1  2  3  4  5  6  7  8  9 |
---------------+----------------------------+-----
Unarmed Combat | 4 5 6 7 9 10 | 10.9
Shapeshifting  | 4 5 6 7 |  7.5
Fighting       | |  1.0
Dodging        | |  2.0

Action                     |  1- 3 |  4- 6 |  7- 9 || total
---------------------------+-------+-------+-------++-------
  Melee: Unarmed           |    83 |   167 |   143 ||   393
         Constrict         |    20 |    48 |    30 ||    98
         Tentacles         |    11 |    26 |    39 ||    76
         Punch             |     1 |     6 |    12 ||    19
  Throw: Dart              |       |       |     1 ||     1
         Throwing net      |       |       |     2 ||     2
  Evoke: Wand              |       |     1 |     3 ||     4
    Use: Scroll            |       |     5 |     3 ||     8
         Potion            |       |     1 |     2 ||     3
   Stab: Sleeping          |     6 |     7 |     4 ||    17
 Armour: Skin              |    29 |    79 |    63 ||   171
  Dodge: Dodged            |    50 |   136 |    56 ||   242

Table legend: (Time is in decaauts)
 A = Elapsed time spent in this place.
 B = Non-inter-level travel time spent in this place.
 C = Inter-level travel time spent in this place.
 D = Time resting spent in this place.
 E = Time spent auto-exploring this place.
 F = Levels seen in this place.
 G = Mean time per level.
                   A        B        C        D        E       F      G
               +--------+--------+--------+--------+--------+-----+--------+
         Total |   5904 |   5768 |    136 |   1157 |   3554 |   7 |  843.4 |
       Dungeon |   4959 |   4823 |    136 |    902 |   3145 |   6 |  826.5 |
         Sewer |    944 |    944 |      0 |    255 |    409 |   1 |  944.0 |
               +--------+--------+--------+--------+--------+-----+--------+

Top non-repeatable levels by time:
     D:4: 1248 daAuts
     D:5: 1011 daAuts
   Sewer: 944 daAuts
     D:6: 851 daAuts
     D:2: 717 daAuts
     D:3: 575 daAuts
     D:1: 555 daAuts
